 Dungeon Crawl Stone Soup version 0.23.0-28-g6fe0f4d (webtiles) character file.

Game seed: 3052721951095793654

6183 Gearfox the Bludgeoner (level 10, 0/88 HPs)
             Began as a Minotaur Berserker on Feb 10, 2019.
             Was a High Priest of Trog.
             Slain by a two-headed ogre
             ... wielding a +0 giant club
              (16 damage)
             ... on level 9 of the Dungeon on Feb 26, 2019.
             The game lasted 00:33:39 (10998 turns).

Gearfox the Bludgeoner (Minotaur Berserker)        Turns: 10998, Time: 00:33:39

Health: 0/88       AC: 21    Str: 27    XL:     10   Next: 60%
Magic:  12/12      EV:  9    Int:  4    God:    Trog [*****.]
Gold:   521        SH:  0    Dex: 10    Spells: 9/9 levels left

rFire    . . .     SeeInvis .   b - +3 great mace (protect)
rCold    . . .     Gourm    .   (shield currently unavailable)
rNeg     . . .     Faith    .   F - +0 chain mail
rPois    .         Spirit   .   (helmet restricted)
rElec    .         Reflect  .   E - +2 cloak
rCorr    .         Harm     .   x - +0 pair of gloves
MR       +....                  (no boots)
Stlth    ..........             (no amulet)
HPRegen  0.24/turn              q - +2 ring of strength
MPRegen  0.13/turn              e - ring of protection from magic

@: protection aura, berserk cooldown, slowed, very slow
A: retaliatory headbutt, horns 2
a: Berserk, Trog's Hand, Brothers in Arms, Renounce Religion


You were on level 9 of the Dungeon.
You worshipped Trog.
Trog was extremely pleased with you.
You were hungry.

You visited 1 branch of the dungeon, and saw 9 of its levels.
You also visited: Ossuary.

You collected 521 gold pieces.

Inventory:

Hand Weapons
 a - a +0 mace
 b - a +3 great mace of protection (weapon)
 s - a +0 flail
 t - a +1 hand axe of flaming
 D - a +2 dire flail of holy wrath
Armour
 w - a +0 ring mail
 x - a +0 pair of gloves (worn)
 E - a +2 cloak (worn)
 F - a +0 chain mail (worn)
Jewellery
 e - a ring of protection from magic (right hand)
 q - a +2 ring of strength (left hand)
 r - an uncursed amulet of magic regeneration
Wands
 o - a wand of paralysis (7)
 p - a wand of polymorph (11)
 y - a wand of acid (23)
Scrolls
 d - 3 scrolls of teleportation
 h - 4 scrolls of remove curse
 l - 3 scrolls of amnesia
 A - 2 scrolls of immolation
Potions
 f - a potion of cancellation {unknown}
 g - 5 potions of brilliance
 i - 2 potions of ambrosia
 j - 2 potions of heal wounds
 k - 2 potions of curing {unknown}
 m - 4 potions of mutation {unknown}
 n - 3 potions of agility
 v - 3 potions of flight {unknown}
 z - 3 potions of degeneration {unknown}
 B - a potion of berserk rage {unknown}
 C - a potion of haste {unknown}
 I - 2 potions of lignification {unknown}
Comestibles
 c - 13 rations
 u - a chunk of flesh


   Skills:
 + Level 8.3 Fighting
 * Level 15.1 Maces & Flails
 + Level 4.8 Armour
 - Level 2.3 Dodging
   Level 4.0 Shields
 + Level 4.2 Evocations


You had 9 spell levels left.
You didn't know any spells.
Your spell library was empty.

Dungeon Overview and Level Annotations

Branches:
Dungeon (9/15)             Temple (0/1) D:7
   Lair: D:8-11         Orc: D:9-12

Altars:
Cheibriados
Elyvilon
Fedhas
Hepliaklqana
Kikubaaqudgha
Makhleb
Nemelex Xobeh
Okawaru
Ru
Trog
Uskayaw
Wu Jian
Yredelemnul

Shops:
D:8 }

Annotations:
D:6 3 runed translucent doors, emiel's ghost, novice HuWn


Innate Abilities, Weirdness & Mutations

You reflexively headbutt those who attack you in melee.
You have a pair of horns on your head.


Message History

The two-headed ogre hits you but does no damage.
The two-headed ogre hits you with a +0 giant club!!
The orc throws a stone.
The stone hits you but does no damage.
You see here a stone.
The two-headed ogre closely misses you.
The two-headed ogre hits you with a +0 giant club!!
* * * LOW HITPOINT WARNING * * *
The orc completely misses you.
You bludgeon the two-headed ogre!!
Your weapon exudes an aura of protection.
You headbutt the two-headed ogre!
The two-headed ogre is severely wounded.
The two-headed ogre closely misses you. The two-headed ogre barely misses you.
The orc barely misses you.
The centaur skeleton hits you but does no damage.
You bludgeon the centaur skeleton!!
You destroy the centaur skeleton!
Trog accepts your kill.
The two-headed ogre hits you with a +0 giant club!
You die...

# ######
#.######....#
#####.#.(ooO@##.#
........###o.#<.#
.####.#.?....####
#.#(........... .
#(.##.####... ..
####)........ #
...(#..........#
.................
....#.#(...#####.


You could see a two-headed ogre, an orc wizard and 2 orcs.

Vanquished Creatures
  A two-headed ogre (D:9)
  2 hippogriffs
  Sigmund (D:5)
  A wyvern (D:8)
  2 hungry ghosts
  A steam dragon (D:8)
  Menkaure (D:7)
  Edmund (D:5)
  3 orc warriors
  A water moccasin (D:8)
  4 ice beasts
  4 ogres
  A black bear (D:9)
  2 phantoms
  2 centaurs
  2 elf zombies (Ossuary)
  7 bullfrogs
  2 scorpions (D:6)
  4 killer bees
  A howler monkey (D:9)
  2 crimson imps
  A centaur zombie (Ossuary)
  2 bullfrog skeletons (D:5)
  A bullfrog zombie (D:8)
  5 jellies
  6 orc priests
  9 orc wizards
  4 hounds
  A quasit (D:7)
  3 centaur skeletons
  3 iguanas
  8 worker ants
  2 big kobold zombies (Ossuary)
  4 hound zombies
  3 hound skeletons
  3 mummies (Ossuary)
  17 adders
  3 gnolls (D:8)
  A shadow imp (D:6)
  An ooze (D:3)
  5 adder zombies (Ossuary)
  2 worms (D:2)
  5 dart slugs
  10 leopard geckos
  41 orcs
  7 bats
  9 giant cockroaches
  7 goblins
  5 hobgoblins
  2 jackals (D:7)
  10 kobolds
  3 quokkas
  5 frilled lizards
  A giant cockroach zombie (D:5)
  6 gnoll zombies
  4 goblin zombies (Ossuary)
  4 hobgoblin zombies (Ossuary)
  A jackal skeleton (D:4)
  3 jackal zombies (Ossuary)
  2 kobold zombies (Ossuary)
  A leopard gecko skeleton (D:8)
  An orc zombie (Ossuary)
  A quokka skeleton (D:4)
  3 quokka zombies (Ossuary)
  13 rats
  2 rat zombies (Ossuary)
  A plant (D:3)
276 creatures vanquished.

Notes
Turn   | Place    | Note
-------+----------+-------------------------------------------
     0 | D:1      | Gearfox the Minotaur Berserker began the quest for the Orb.
     0 | D:1      | Reached XP level 1. HP: 19/19 MP: 0/0
   440 | D:1      | Reached XP level 2. HP: 26/27 MP: 1/1
   606 | D:1      | Reached skill level 4 in Maces & Flails
  1269 | D:2      | Reached XP level 3. HP: 21/33 MP: 2/2
  1977 | D:2      | Reached skill level 5 in Maces & Flails
  2003 | D:2      | Reached ** piety under Trog
  2092 | D:2      | Reached XP level 4. HP: 33/41 MP: 3/3
  2181 | D:2      | Found a sacrificial altar of Ru.
  2256 | D:2      | Found a bloodstained altar of Trog.
  2948 | D:3      | Noticed a bullfrog
  2969 | D:3      | Killed a bullfrog
  2969 | D:3      | Reached skill level 6 in Maces & Flails
  2969 | D:3      | Reached skill level 1 in Shields
  2969 | D:3      | Reached XP level 5. HP: 27/47 MP: 4/4
  3311 | D:3      | Found a faded altar of an unknown god.
  3631 | D:3      | Found a hide-covered altar of Uskayaw.
  3852 | D:4      | Reached skill level 5 in Fighting
  3852 | D:4      | Reached skill level 7 in Maces & Flails
  3852 | D:4      | Reached XP level 6. HP: 48/56 MP: 5/5
  3948 | D:4      | Found a white marble altar of Elyvilon.
  4154 | D:4      | Found a burning altar of Makhleb.
  4200 | D:4      | Reached skill level 8 in Maces & Flails
  4200 | D:4      | Reached XP level 7. HP: 39/61 MP: 6/6
  4213 | D:4      | HP: 3/61 [orc wizard/magic dart (6)]
  4214 | D:4      | Reached *** piety under Trog
  4496 | D:4      | Noticed a hippogriff
  4524 | D:4      | Killed a hippogriff
  4524 | D:4      | Reached skill level 9 in Maces & Flails
  5065 | D:4      | Found an ancient bone altar of Kikubaaqudgha.
  5511 | D:4      | Reached skill level 10 in Maces & Flails
  5511 | D:4      | Reached XP level 8. HP: 55/70 MP: 7/7
  5595 | D:5      | Entered Level 5 of the Dungeon
  5595 | D:5      | Found a snail-covered altar of Cheibriados.
  5599 | D:5      | Noticed Sigmund
  5656 | D:5      | Killed Sigmund
  6111 | D:5      | Reached skill level 11 in Maces & Flails
  6185 | D:5      | Noticed Edmund
  6193 | D:5      | Killed Edmund
  6543 | D:5      | Found a basalt altar of Yredelemnul.
  6749 | D:6      | Found a runed translucent gate.
  6750 | D:6      | Found a runed translucent gate.
  6751 | D:6      | Found a runed translucent gate.
  6753 | D:6      | Noticed emiel's ghost (novice HuWn)
  6915 | D:6      | Reached skill level 12 in Maces & Flails
  7027 | D:6      | Reached XP level 9. HP: 79/79 MP: 8/8
  7221 | D:6      | Reached skill level 1 in Evocations
  7335 | D:6      | Found a sparkling altar of Nemelex Xobeh.
  7671 | D:6      | Identified a scroll of acquirement
  7696 | D:7      | Reached **** piety under Trog
  7752 | D:7      | Found a sand-covered staircase.
  7819 | Ossuary  | Entered an ossuary
  8299 | D:7      | Found a blossoming altar of Fedhas.
  8329 | D:7      | Reached ***** piety under Trog
  8483 | D:7      | Found a hazy altar of Hepliaklqana.
  8483 | D:7      | Found an ornate altar of the Wu Jian Council.
  8688 | D:7      | Received a gift from Trog
  8717 | D:7      | Reached skill level 13 in Maces & Flails
  8861 | D:7      | Found an iron altar of Okawaru.
  8996 | D:7      | Noticed Menkaure
  9008 | D:7      | Killed Menkaure
  9023 | D:7      | Reached XP level 10. HP: 58/88 MP: 12/12
  9219 | D:7      | Found a staircase to the Ecumenical Temple.
  9749 | D:8      | Reached skill level 14 in Maces & Flails
 10066 | D:8      | Found Uqyff's Gadget Shop.
 10612 | D:8      | Found a burning altar of Makhleb.
 10933 | D:8      | Upgraded the game from 0.23.0 to 0.23.0-28-g6fe0f4d
 10964 | D:9      | Noticed a two-headed ogre
 10973 | D:9      | Killed a two-headed ogre
 10973 | D:9      | Reached skill level 15 in Maces & Flails
 10979 | D:9      | Noticed a two-headed ogre
 10998 | D:9      | Slain by a two-headed ogre

Skill      XL: |  1  2  3  4  5  6  7  8  9 10 |
---------------+-------------------------------+-----
Fighting       | 4 5 6 7 8 |  8.3
Maces & Flails | 4 5 6 7 8 10 12 13 15 | 15.1
Shields        | 1 2 3 4 |  4.0
Evocations     | 4 |  4.2
Armour         | 3 4 |  4.8
Dodging        | |  2.3

Action                   |  1- 3 |  4- 6 |  7- 9 | 10-12 || total
-------------------------+-------+-------+-------+-------++-------
Melee: Mace              |    73 |    73 |       |       ||   146
       Headbutt          |     7 |    19 |    71 |    21 ||   118
       Flail             |       |    42 |   160 |       ||   202
       Great mace        |       |       |   181 |   114 ||   295
Invok: Berserk           |       |     2 |     4 |     1 ||     7
       Trog's Hand       |       |       |     1 |       ||     1
Evoke: Wand              |       |       |     1 |       ||     1
  Use: Scroll            |       |     9 |     8 |     4 ||    21
       Potion            |       |       |     3 |       ||     3
 Stab: Sleeping          |     1 |       |       |       ||     1
       Paralysed         |       |       |     3 |       ||     3
  Eat: Chunk             |     4 |     7 |     6 |     8 ||    25
       Ration            |       |       |     4 |     1 ||     5
Armor: Animal skin       |    20 |    12 |       |       ||    32
       Ring mail         |       |    18 |    38 |       ||    56
       Chain mail        |       |       |   182 |    77 ||   259
Dodge: Dodged            |    62 |    88 |   199 |    54 ||   403
Block: Buckler           |       |    23 |    40 |       ||    63
